[ AOE2 MATCH · #498662829 ]
UnrankedEthiopians vs Ethiopians
[ REPLAY ANALYSIS · EXTRACTED FROM THE RECORDED GAME ]
Feudal
8:51
Castle
23:00
Imperial
—
| APM avg | 72.1 |
| APM peak | 117 |
| eAPM avg | 28.7 |
| Villagers / military | 75 / 94 |
Focus
⚔️ 46.3% · 🌾 53.7%
Archer ×94
Feudal
8:56
Castle
22:38
Imperial
—
| APM avg | 76.1 |
| APM peak | 126 |
| eAPM avg | 31.1 |
| Villagers / military | 60 / 63 |
Focus
⚔️ 60.4% · 🌾 39.6%
Skirmisher ×33 · Archer ×30
Feudal
8:28
Castle
24:40
Imperial
—
| APM avg | 97.8 |
| APM peak | 136 |
| eAPM avg | 56.0 |
| Villagers / military | 70 / 79 |
Focus
⚔️ 74.8% · 🌾 25.2%
Archer ×79
Feudal
9:17
Castle
24:04
Imperial
—
| APM avg | 54.0 |
| APM peak | 118 |
| eAPM avg | 17.3 |
| Villagers / military | 72 / 53 |
Focus
⚔️ 24.0% · 🌾 76.0%
Knight ×28 · Scout Cavalry ×25
Feudal
8:30
Castle
22:52
Imperial
—
| APM avg | 65.0 |
| APM peak | 107 |
| eAPM avg | 25.6 |
| Villagers / military | 92 / 59 |
Focus
⚔️ 39.7% · 🌾 60.3%
Knight ×42 · Scout Cavalry ×16 · Spearman ×1
Feudal
9:16
Castle
21:45
Imperial
—
| APM avg | 71.8 |
| APM peak | 120 |
| eAPM avg | 24.3 |
| Villagers / military | 93 / 71 |
Focus
⚔️ 37.2% · 🌾 62.8%
Archer ×67 · Mangonel ×4
Match map
Initial resources + every placement click. Lines = walls · curves = elevation contours. ◆ gold · ⬟ stone · ● berries · ✦ relic · ◌ wall gap
Your base· Open — 3t gap
|FMG| TINCHO's base· Open — 6t gap
[SotC] Spirit's base· ✓ Closed at 24:40 · 42t walls · 4 gate(s)
|FMG| Nadie's base· ✓ Closed at 24:04 · 51t walls · no gate
[SotC] Frank Castle's base· Open — 1t gap
[SotC] PerezPodrido's base· ✓ Closed at 21:45 · 36t walls · 1 gate(s)
Smoothed initial terrain · ◌ = detected wall gap · hover for details
Inputs per minute
— FMG | Camilo - - |FMG| TINCHO
Build order — FMG | Camilo
First 150 of 268 actions detected
| 0:01 | Create | Villager (Male) |
| 0:01 | Create | Villager (Male) |
| 0:01 | Create | Villager (Male) |
| 0:02 | Build | House |
| 0:03 | Build | House |
| 0:13 | Create | Villager (Male) |
| 1:26 | Create | Villager (Male) |
| 2:03 | Create | Villager (Male) |
| 2:17 | Create | Villager (Male) |
| 2:28 | Build | Lumber Camp |
| 2:45 | Create | Villager (Male) |
| 2:45 | Create | Villager (Male) |
| 3:18 | Create | Villager (Male) |
| 3:19 | Create | Villager (Male) |
| 3:19 | Create | Villager (Male) |
| 3:41 | Create | Villager (Male) |
| 3:49 | Build | House |
| 4:07 | Create | Villager (Male) |
| 4:57 | Create | Villager (Male) |
| 5:00 | Build | Mining Camp |
| 5:26 | Create | Villager (Male) |
| 5:32 | Create | Villager (Male) |
| 5:34 | Research | Loom |
| 6:21 | Research | Feudal Age |
| 7:35 | Build | Barracks |
| 7:55 | Build | House |
| 7:58 | Build | House |
| 8:06 | Build | Palisade Wall |
| 8:07 | Build | Palisade Wall |
| 8:36 | Build | Palisade Wall |
| 8:51 | Age | Feudal Age |
| 8:53 | Build | Archery Range |
| 8:53 | Create | Villager (Male) |
| 9:00 | Build | Archery Range |
| 9:06 | Build | Palisade Wall |
| 9:07 | Create | Villager (Male) |
| 9:38 | Build | Palisade Wall |
| 9:43 | Create | Villager (Male) |
| 9:49 | Build | Blacksmith |
| 9:50 | Build | Palisade Wall |
| 10:09 | Create | Archer |
| 10:09 | Create | Archer |
| 10:14 | Create | Villager (Male) |
| 10:29 | Build | House |
| 10:31 | Create | Villager (Male) |
| 10:36 | Build | Outpost |
| 10:39 | Research | Fletching |
| 10:40 | Create | Archer |
| 10:40 | Create | Archer |
| 10:48 | Build | House |
| 10:55 | Create | Villager (Male) |
| 11:10 | Build | Palisade Wall |
| 11:18 | Create | Archer |
| 11:20 | Create | Villager (Male) |
| 11:34 | Create | Archer |
| 11:35 | Create | Archer |
| 11:52 | Create | Villager (Male) |
| 12:01 | Build | Mill |
| 12:06 | Build | Outpost |
| 12:16 | Create | Archer |
| 12:16 | Create | Archer |
| 12:19 | Build | House |
| 12:22 | Create | Villager (Male) |
| 12:41 | Build | House |
| 12:54 | Create | Archer |
| 12:55 | Create | Archer |
| 13:12 | Create | Villager (Male) |
| 13:14 | Build | Farm |
| 13:19 | Create | Archer |
| 13:19 | Create | Archer |
| 13:31 | Create | Villager (Male) |
| 13:36 | Build | House |
| 13:46 | Research | Fletching |
| 13:47 | Create | Archer |
| 14:02 | Build | Farm |
| 14:02 | Create | Archer |
| 14:03 | Create | Archer |
| 14:10 | Build | Farm |
| 14:24 | Create | Archer |
| 14:52 | Build | Farm |
| 14:53 | Create | Villager (Male) |
| 15:13 | Build | Farm |
| 15:14 | Build | Farm |
| 15:17 | Create | Archer |
| 15:29 | Create | Villager (Male) |
| 15:45 | Create | Archer |
| 15:45 | Create | Archer |
| 16:18 | Create | Archer |
| 16:18 | Create | Archer |
| 16:29 | Create | Archer |
| 16:29 | Create | Villager (Male) |
| 16:34 | Build | Farm |
| 16:40 | Build | House |
| 16:43 | Build | House |
| 16:44 | Build | Palisade Wall |
| 16:47 | Build | Palisade Wall |
| 16:48 | Create | Villager (Male) |
| 16:50 | Create | Archer |
| 16:50 | Create | Archer |
| 16:54 | Create | Villager (Male) |
| 16:57 | Build | Farm |
| 17:02 | Build | Farm |
| 17:06 | Create | Villager (Male) |
| 17:17 | Build | Outpost |
| 17:19 | Create | Archer |
| 17:19 | Create | Archer |
| 17:26 | Build | Outpost |
| 17:27 | Research | Double-Bit Axe |
| 17:28 | Create | Archer |
| 17:43 | Build | House |
| 17:45 | Build | Palisade Wall |
| 17:55 | Create | Villager (Male) |
| 17:56 | Create | Archer |
| 17:56 | Create | Archer |
| 18:08 | Build | Palisade Wall |
| 18:09 | Build | Palisade Wall |
| 18:11 | Build | Palisade Wall |
| 18:13 | Create | Villager (Male) |
| 18:24 | Build | Market |
| 18:36 | Create | Villager (Male) |
| 18:38 | Create | Archer |
| 18:39 | Create | Archer |
| 18:44 | Build | House |
| 18:50 | Create | Villager (Male) |
| 18:51 | Create | Archer |
| 18:51 | Create | Villager (Male) |
| 19:04 | Build | House |
| 19:06 | Build | Farm |
| 19:25 | Build | Outpost |
| 19:33 | Create | Villager (Male) |
| 19:34 | Create | Archer |
| 19:34 | Create | Archer |
| 19:42 | Build | Farm |
| 20:20 | Research | Castle Age |
| 20:21 | Research | Castle Age |
| 20:36 | Build | Archery Range |
| 20:48 | Build | House |
| 20:50 | Build | Palisade Wall |
| 21:00 | Research | Padded Archer Armor |
| 21:00 | Create | Archer |
| 21:01 | Create | Archer |
| 21:15 | Create | Villager (Male) |
| 21:28 | Create | Archer |
| 21:28 | Create | Archer |
| 21:38 | Create | Archer |
| 21:38 | Create | Archer |
| 22:19 | Build | House |
| 22:47 | Create | Villager (Male) |
| 22:49 | Build | Lumber Camp |
| 23:00 | Age | Castle Age |
Build order — |FMG| TINCHO
First 150 of 191 actions detected
| 0:00 | Create | Villager (Male) |
| 0:01 | Create | Villager (Male) |
| 0:02 | Build | House |
| 0:03 | Build | House |
| 0:08 | Create | Villager (Male) |
| 0:08 | Create | Villager (Male) |
| 1:23 | Create | Villager (Male) |
| 2:06 | Create | Villager (Male) |
| 2:06 | Create | Villager (Male) |
| 2:18 | Create | Villager (Male) |
| 2:29 | Create | Villager (Male) |
| 2:29 | Create | Villager (Male) |
| 2:38 | Build | Lumber Camp |
| 3:08 | Create | Villager (Male) |
| 3:08 | Create | Villager (Male) |
| 3:26 | Create | Villager (Male) |
| 3:26 | Create | Villager (Male) |
| 3:53 | Build | House |
| 4:02 | Create | Villager (Male) |
| 4:02 | Create | Villager (Male) |
| 4:33 | Create | Villager (Male) |
| 4:33 | Create | Villager (Male) |
| 4:36 | Create | Villager (Male) |
| 4:43 | Build | Mining Camp |
| 5:39 | Create | Villager (Male) |
| 5:40 | Research | Loom |
| 6:47 | Research | Feudal Age |
| 6:47 | Research | Feudal Age |
| 6:47 | Research | Feudal Age |
| 8:02 | Build | Barracks |
| 8:12 | Create | Villager (Male) |
| 8:56 | Age | Feudal Age |
| 9:00 | Build | Archery Range |
| 9:07 | Create | Villager (Male) |
| 9:14 | Build | Archery Range |
| 9:17 | Create | Villager (Male) |
| 9:27 | Build | House |
| 9:37 | Research | Town Watch |
| 9:40 | Research | Double-Bit Axe |
| 9:40 | Create | Archer |
| 10:02 | Create | Archer |
| 10:03 | Create | Villager (Male) |
| 10:05 | Build | House |
| 10:12 | Create | Villager (Male) |
| 10:21 | Build | House |
| 10:28 | Create | Archer |
| 10:41 | Create | Archer |
| 10:50 | Build | House |
| 10:51 | Create | Villager (Male) |
| 11:02 | Create | Villager (Male) |
| 11:05 | Create | Archer |
| 11:08 | Create | Villager (Male) |
| 11:17 | Build | Blacksmith |
| 11:20 | Create | Villager (Male) |
| 11:22 | Build | House |
| 11:43 | Create | Archer |
| 11:50 | Create | Archer |
| 12:03 | Build | House |
| 12:14 | Build | House |
| 12:17 | Create | Villager (Male) |
| 12:21 | Create | Archer |
| 12:29 | Create | Archer |
| 12:37 | Build | House |
| 12:54 | Create | Archer |
| 13:00 | Build | Mill |
| 13:20 | Create | Archer |
| 14:04 | Create | Archer |
| 14:06 | Create | Archer |
| 14:08 | Create | Villager (Male) |
| 14:09 | Build | Farm |
| 14:10 | Build | Farm |
| 14:10 | Create | Villager (Male) |
| 14:13 | Research | Padded Archer Armor |
| 14:14 | Create | Archer |
| 14:18 | Create | Archer |
| 14:24 | Create | Villager (Male) |
| 14:27 | Build | Farm |
| 14:30 | Create | Archer |
| 14:33 | Create | Villager (Male) |
| 14:37 | Build | House |
| 14:40 | Build | Palisade Wall |
| 14:44 | Create | Archer |
| 15:29 | Create | Archer |
| 15:33 | Build | Farm |
| 15:35 | Build | Farm |
| 15:36 | Create | Archer |
| 15:38 | Create | Villager (Male) |
| 15:42 | Build | Farm |
| 15:45 | Build | Palisade Wall |
| 15:46 | Build | Palisade Wall |
| 15:49 | Build | Palisade Wall |
| 15:51 | Build | Palisade Wall |
| 15:52 | Create | Villager (Male) |
| 16:00 | Create | Villager (Male) |
| 16:06 | Create | Archer |
| 16:10 | Create | Archer |
| 16:20 | Build | Farm |
| 16:29 | Create | Villager (Male) |
| 16:38 | Build | Farm |
| 16:48 | Create | Archer |
| 17:01 | Create | Archer |
| 17:47 | Create | Archer |
| 17:53 | Create | Villager (Male) |
| 17:59 | Create | Villager (Male) |
| 18:00 | Create | Archer |
| 18:21 | Create | Skirmisher |
| 18:23 | Create | Villager (Male) |
| 18:30 | Create | Villager (Male) |
| 18:36 | Create | Archer |
| 18:40 | Create | Archer |
| 18:46 | Create | Villager (Male) |
| 18:49 | Build | Farm |
| 18:54 | Create | Archer |
| 19:39 | Research | Castle Age |
| 19:39 | Research | Castle Age |
| 20:08 | Create | Archer |
| 20:18 | Build | Lumber Camp |
| 20:20 | Create | Archer |
| 20:22 | Create | Skirmisher |
| 20:41 | Create | Skirmisher |
| 20:53 | Build | House |
| 21:08 | Create | Skirmisher |
| 21:10 | Create | Villager (Male) |
| 21:17 | Create | Skirmisher |
| 21:27 | Create | Skirmisher |
| 21:28 | Create | Villager (Male) |
| 21:35 | Create | Skirmisher |
| 22:18 | Create | Skirmisher |
| 22:18 | Create | Skirmisher |
| 22:38 | Age | Castle Age |
| 22:41 | Research | Elite Skirmisher (upgrade) |
| 22:42 | Research | Fletching |
| 22:42 | Research | Fletching |
| 23:07 | Research | Bow Saw |
| 23:08 | Research | Leather Archer Armor |
| 23:24 | Research | Bodkin Arrow |
| 23:29 | Build | Farm |
| 23:29 | Create | Villager (Male) |
| 23:46 | Create | Skirmisher |
| 23:56 | Create | Skirmisher |
| 24:18 | Create | Skirmisher |
| 24:18 | Create | Skirmisher |
| 24:36 | Build | Market |
| 24:39 | Create | Skirmisher |
| 24:42 | Create | Skirmisher |
| 25:03 | Create | Villager (Male) |
| 25:14 | Build | University |
| 25:39 | Create | Villager (Male) |
| 25:54 | Create | Villager (Male) |
| 25:57 | Create | Skirmisher |
Build order — [SotC] Spirit
First 150 of 241 actions detected
| 0:01 | Create | Villager (Male) |
| 0:01 | Create | Villager (Male) |
| 0:02 | Build | House |
| 0:04 | Build | House |
| 0:12 | Create | Villager (Male) |
| 0:12 | Create | Villager (Male) |
| 0:13 | Create | Villager (Male) |
| 1:25 | Create | Villager (Male) |
| 2:01 | Create | Villager (Male) |
| 2:21 | Create | Villager (Male) |
| 2:21 | Create | Villager (Male) |
| 2:35 | Build | House |
| 2:36 | Build | House |
| 2:44 | Build | House |
| 2:45 | Build | House |
| 2:51 | Build | Lumber Camp |
| 2:54 | Create | Villager (Male) |
| 2:57 | Create | Villager (Male) |
| 3:13 | Create | Villager (Male) |
| 3:55 | Create | Villager (Male) |
| 4:17 | Build | House |
| 4:28 | Create | Villager (Male) |
| 4:28 | Create | Villager (Male) |
| 4:33 | Create | Villager (Male) |
| 4:34 | Research | Loom |
| 5:22 | Build | Mining Camp |
| 6:18 | Research | Feudal Age |
| 7:30 | Build | Barracks |
| 7:44 | Create | Villager (Male) |
| 7:44 | Create | Villager (Male) |
| 8:10 | Build | House |
| 8:28 | Age | Feudal Age |
| 8:32 | Build | Archery Range |
| 8:38 | Create | Villager (Male) |
| 9:18 | Build | Archery Range |
| 9:21 | Build | Archery Range |
| 9:37 | Create | Villager (Male) |
| 10:05 | Build | Blacksmith |
| 10:06 | Create | Archer |
| 10:12 | Create | Archer |
| 10:12 | Create | Villager (Male) |
| 10:17 | Create | Archer |
| 10:20 | Create | Villager (Male) |
| 10:28 | Build | Palisade Gate |
| 10:29 | Create | Villager (Male) |
| 10:40 | Create | Archer |
| 10:42 | Build | House |
| 10:43 | Build | House |
| 10:45 | Research | Fletching |
| 10:56 | Build | Palisade Wall |
| 10:57 | Build | Palisade Wall |
| 11:03 | Create | Archer |
| 11:03 | Create | Archer |
| 11:07 | Build | House |
| 11:16 | Create | Villager (Male) |
| 11:16 | Create | Villager (Male) |
| 11:31 | Create | Archer |
| 11:32 | Create | Archer |
| 11:40 | Build | Palisade Gate |
| 11:45 | Create | Archer |
| 11:58 | Build | House |
| 12:02 | Build | House |
| 12:05 | Create | Villager (Male) |
| 12:05 | Create | Villager (Male) |
| 12:09 | Create | Archer |
| 12:15 | Create | Archer |
| 12:25 | Build | Palisade Wall |
| 12:41 | Create | Villager (Male) |
| 12:44 | Create | Archer |
| 13:05 | Create | Villager (Male) |
| 13:07 | Build | Palisade Wall |
| 13:10 | Create | Archer |
| 13:25 | Build | Mill |
| 13:34 | Create | Archer |
| 13:40 | Create | Villager (Male) |
| 13:45 | Build | Outpost |
| 13:49 | Create | Archer |
| 13:57 | Create | Archer |
| 14:04 | Create | Archer |
| 14:16 | Build | House |
| 14:17 | Build | House |
| 14:20 | Create | Villager (Male) |
| 14:37 | Create | Villager (Male) |
| 14:39 | Build | Farm |
| 14:41 | Build | Farm |
| 14:42 | Build | Farm |
| 14:48 | Create | Archer |
| 15:00 | Create | Archer |
| 15:19 | Build | Palisade Gate |
| 15:20 | Build | Palisade Wall |
| 15:26 | Create | Villager (Male) |
| 15:27 | Build | Palisade Gate |
| 15:29 | Build | House |
| 15:32 | Build | Palisade Wall |
| 15:49 | Create | Villager (Male) |
| 15:58 | Build | House |
| 16:05 | Create | Archer |
| 16:07 | Create | Archer |
| 16:17 | Create | Villager (Male) |
| 16:19 | Create | Villager (Male) |
| 16:49 | Build | Farm |
| 16:51 | Build | Farm |
| 17:08 | Create | Villager (Male) |
| 17:10 | Build | Farm |
| 17:11 | Build | Farm |
| 17:12 | Build | Farm |
| 17:35 | Build | Palisade Wall |
| 17:37 | Build | Palisade Wall |
| 17:40 | Create | Villager (Male) |
| 17:50 | Create | Villager (Male) |
| 17:52 | Build | Farm |
| 18:03 | Create | Villager (Male) |
| 18:05 | Build | Farm |
| 18:05 | Build | Farm |
| 18:14 | Build | Palisade Gate |
| 18:28 | Build | Farm |
| 18:40 | Research | Double-Bit Axe |
| 18:41 | Create | Archer |
| 18:47 | Create | Villager (Male) |
| 18:54 | Create | Archer |
| 18:59 | Create | Villager (Male) |
| 19:26 | Build | Farm |
| 19:30 | Create | Archer |
| 19:32 | Research | Padded Archer Armor |
| 19:38 | Create | Archer |
| 19:38 | Create | Archer |
| 19:49 | Create | Villager (Male) |
| 19:58 | Create | Archer |
| 19:59 | Create | Archer |
| 20:18 | Create | Villager (Male) |
| 20:30 | Build | Farm |
| 20:31 | Build | Farm |
| 20:35 | Create | Villager (Male) |
| 20:40 | Create | Archer |
| 21:08 | Build | Lumber Camp |
| 22:00 | Research | Castle Age |
| 22:02 | Create | Archer |
| 22:02 | Create | Archer |
| 22:12 | Create | Archer |
| 22:17 | Create | Archer |
| 22:39 | Create | Archer |
| 22:49 | Create | Archer |
| 23:02 | Build | Mining Camp |
| 23:04 | Research | Gold Mining |
| 23:05 | Research | Horse Collar |
| 23:07 | Create | Archer |
| 23:31 | Build | House |
| 23:31 | Build | House |
| 23:32 | Build | House |
| 23:34 | Build | House |
Build order — |FMG| Nadie
First 150 of 233 actions detected
| 0:01 | Create | Villager (Male) |
| 0:02 | Create | Villager (Male) |
| 0:02 | Create | Villager (Male) |
| 0:03 | Build | House |
| 0:04 | Build | House |
| 0:20 | Create | Villager (Male) |
| 1:27 | Create | Villager (Male) |
| 1:53 | Build | Lumber Camp |
| 2:01 | Create | Villager (Male) |
| 2:34 | Create | Villager (Male) |
| 3:02 | Create | Villager (Male) |
| 3:25 | Create | Villager (Male) |
| 3:29 | Create | Villager (Male) |
| 3:55 | Build | House |
| 4:33 | Build | Mill |
| 4:37 | Create | Villager (Male) |
| 4:37 | Create | Villager (Male) |
| 4:52 | Create | Villager (Male) |
| 4:59 | Create | Villager (Male) |
| 5:05 | Create | Villager (Male) |
| 5:13 | Create | Villager (Male) |
| 5:44 | Create | Villager (Male) |
| 6:17 | Create | Villager (Male) |
| 6:18 | Create | Villager (Male) |
| 7:02 | Research | Feudal Age |
| 8:04 | Build | Barracks |
| 8:19 | Create | Villager (Male) |
| 8:55 | Build | House |
| 9:17 | Age | Feudal Age |
| 9:26 | Build | Stable |
| 9:38 | Create | Villager (Male) |
| 9:44 | Build | House |
| 9:47 | Build | Palisade Wall |
| 9:51 | Create | Villager (Male) |
| 10:16 | Create | Scout Cavalry |
| 10:17 | Create | Scout Cavalry |
| 10:22 | Build | House |
| 10:25 | Build | Palisade Wall |
| 10:27 | Create | Villager (Male) |
| 10:31 | Build | Palisade Wall |
| 10:43 | Build | Farm |
| 10:44 | Create | Villager (Male) |
| 11:10 | Create | Villager (Male) |
| 11:18 | Create | Scout Cavalry |
| 11:27 | Build | Palisade Wall |
| 11:34 | Build | Palisade Wall |
| 11:35 | Create | Villager (Male) |
| 11:41 | Build | Farm |
| 11:43 | Build | Farm |
| 12:00 | Create | Scout Cavalry |
| 12:08 | Research | Double-Bit Axe |
| 12:21 | Build | Farm |
| 12:21 | Build | Farm |
| 12:22 | Build | Farm |
| 12:22 | Build | Farm |
| 12:24 | Create | Villager (Male) |
| 12:30 | Create | Villager (Male) |
| 12:43 | Create | Scout Cavalry |
| 12:50 | Create | Scout Cavalry |
| 13:07 | Create | Scout Cavalry |
| 13:08 | Create | Villager (Male) |
| 13:10 | Build | Farm |
| 13:12 | Build | Farm |
| 13:13 | Build | Farm |
| 13:15 | Build | House |
| 13:34 | Create | Villager (Male) |
| 13:42 | Build | Farm |
| 13:43 | Build | Farm |
| 13:46 | Build | House |
| 13:48 | Build | Palisade Wall |
| 13:59 | Create | Scout Cavalry |
| 14:05 | Create | Scout Cavalry |
| 14:26 | Build | House |
| 14:28 | Build | Blacksmith |
| 14:30 | Build | Farm |
| 14:30 | Build | Farm |
| 14:31 | Build | Farm |
| 14:31 | Build | Farm |
| 14:31 | Build | Farm |
| 14:33 | Create | Villager (Male) |
| 14:49 | Create | Villager (Male) |
| 14:51 | Build | Farm |
| 14:52 | Build | Farm |
| 15:12 | Build | Farm |
| 15:14 | Create | Villager (Male) |
| 15:19 | Create | Scout Cavalry |
| 15:30 | Build | Farm |
| 15:47 | Create | Villager (Male) |
| 15:56 | Build | Farm |
| 16:00 | Build | House |
| 16:01 | Build | Palisade Wall |
| 16:13 | Create | Scout Cavalry |
| 16:17 | Create | Villager (Male) |
| 16:29 | Create | Villager (Male) |
| 16:35 | Build | Farm |
| 16:37 | Build | Lumber Camp |
| 16:57 | Build | Mining Camp |
| 16:58 | Create | Villager (Male) |
| 17:04 | Build | Farm |
| 17:04 | Build | Farm |
| 17:04 | Build | Farm |
| 17:09 | Create | Scout Cavalry |
| 17:21 | Create | Scout Cavalry |
| 17:23 | Build | House |
| 17:28 | Research | Loom |
| 17:29 | Create | Scout Cavalry |
| 17:33 | Research | Scale Barding Armor |
| 18:00 | Create | Scout Cavalry |
| 18:06 | Build | Farm |
| 18:08 | Build | Farm |
| 18:09 | Build | Farm |
| 18:09 | Build | Farm |
| 18:09 | Build | Farm |
| 18:17 | Research | Wheelbarrow |
| 18:54 | Build | Lumber Camp |
| 19:03 | Create | Scout Cavalry |
| 19:06 | Research | Forging |
| 19:17 | Create | Villager (Male) |
| 20:04 | Create | Scout Cavalry |
| 20:12 | Create | Scout Cavalry |
| 20:12 | Create | Villager (Male) |
| 20:49 | Build | Stable |
| 20:50 | Build | Palisade Wall |
| 21:03 | Create | Scout Cavalry |
| 21:24 | Research | Castle Age |
| 21:37 | Create | Scout Cavalry |
| 21:57 | Create | Scout Cavalry |
| 22:03 | Create | Scout Cavalry |
| 22:18 | Create | Scout Cavalry |
| 22:24 | Build | Farm |
| 23:43 | Create | Scout Cavalry |
| 23:43 | Create | Scout Cavalry |
| 24:02 | Create | Villager (Male) |
| 24:04 | Age | Castle Age |
| 24:05 | Research | Light Cavalry (upgrade) |
| 24:06 | Create | Knight |
| 24:06 | Create | Knight |
| 24:07 | Research | Chain Barding Armor |
| 24:09 | Create | Villager (Male) |
| 24:23 | Build | Town Center |
| 24:28 | Create | Knight |
| 24:29 | Create | Villager (Male) |
| 24:42 | Build | Town Center |
| 24:45 | Create | Villager (Male) |
| 24:51 | Create | Knight |
| 25:02 | Research | Husbandry |
| 25:27 | Create | Villager (Male) |
| 25:47 | Create | Knight |
| 25:49 | Create | Villager (Male) |
| 25:50 | Create | Villager (Male) |
Build order — [SotC] Frank Castle
First 150 of 260 actions detected
| 0:00 | Create | Villager (Male) |
| 0:02 | Build | House |
| 0:02 | Build | House |
| 0:06 | Create | Villager (Male) |
| 0:11 | Create | Villager (Male) |
| 0:29 | Create | Villager (Male) |
| 1:30 | Create | Villager (Male) |
| 1:30 | Create | Villager (Male) |
| 1:59 | Create | Villager (Male) |
| 2:32 | Create | Villager (Male) |
| 2:32 | Create | Villager (Male) |
| 2:33 | Create | Villager (Male) |
| 2:47 | Build | Lumber Camp |
| 3:00 | Create | Villager (Male) |
| 3:12 | Create | Villager (Male) |
| 3:27 | Create | Villager (Male) |
| 3:35 | Build | House |
| 4:01 | Create | Villager (Male) |
| 4:12 | Create | Villager (Male) |
| 4:21 | Build | Mill |
| 5:05 | Create | Villager (Male) |
| 5:06 | Research | Loom |
| 6:20 | Research | Feudal Age |
| 6:21 | Research | Feudal Age |
| 6:46 | Create | Villager (Male) |
| 7:16 | Build | Barracks |
| 7:29 | Create | Villager (Male) |
| 7:50 | Create | Villager (Male) |
| 8:00 | Build | House |
| 8:30 | Age | Feudal Age |
| 8:32 | Build | Stable |
| 8:37 | Build | House |
| 8:45 | Build | House |
| 8:48 | Research | Double-Bit Axe |
| 9:14 | Create | Scout Cavalry |
| 9:14 | Create | Scout Cavalry |
| 9:19 | Create | Villager (Male) |
| 9:25 | Research | Horse Collar |
| 9:39 | Build | Farm |
| 9:45 | Create | Scout Cavalry |
| 10:04 | Build | Farm |
| 10:09 | Build | Farm |
| 10:16 | Build | House |
| 10:16 | Build | House |
| 10:17 | Build | Palisade Wall |
| 10:21 | Create | Villager (Male) |
| 10:33 | Build | Farm |
| 10:36 | Create | Scout Cavalry |
| 10:53 | Create | Villager (Male) |
| 10:58 | Build | Farm |
| 11:13 | Build | Blacksmith |
| 11:27 | Create | Scout Cavalry |
| 11:28 | Create | Scout Cavalry |
| 11:30 | Create | Villager (Male) |
| 11:30 | Create | Villager (Male) |
| 11:40 | Build | Farm |
| 11:52 | Create | Scout Cavalry |
| 11:53 | Create | Scout Cavalry |
| 11:56 | Create | Villager (Male) |
| 11:58 | Build | Farm |
| 12:15 | Build | Farm |
| 12:26 | Create | Scout Cavalry |
| 12:28 | Create | Villager (Male) |
| 12:29 | Build | Farm |
| 12:49 | Build | Palisade Gate |
| 12:53 | Create | Villager (Male) |
| 12:53 | Create | Scout Cavalry |
| 12:57 | Build | House |
| 13:12 | Create | Spearman |
| 13:25 | Build | Palisade Wall |
| 13:27 | Build | Palisade Wall |
| 13:35 | Create | Villager (Male) |
| 13:38 | Build | Farm |
| 13:48 | Create | Villager (Male) |
| 14:00 | Build | Farm |
| 14:01 | Build | Farm |
| 14:15 | Build | House |
| 14:16 | Build | House |
| 14:29 | Create | Villager (Male) |
| 14:33 | Build | Farm |
| 14:35 | Build | Farm |
| 14:36 | Create | Villager (Male) |
| 14:37 | Create | Villager (Male) |
| 14:51 | Build | Farm |
| 14:55 | Create | Scout Cavalry |
| 15:10 | Build | Farm |
| 15:23 | Create | Villager (Male) |
| 15:30 | Create | Scout Cavalry |
| 15:36 | Create | Villager (Male) |
| 15:42 | Build | House |
| 15:43 | Build | House |
| 15:51 | Build | Farm |
| 15:53 | Create | Villager (Male) |
| 16:13 | Research | Scale Barding Armor |
| 16:26 | Research | Wheelbarrow |
| 16:26 | Research | Wheelbarrow |
| 16:30 | Build | Mining Camp |
| 16:40 | Build | Farm |
| 16:58 | Create | Villager (Male) |
| 17:00 | Build | House |
| 17:00 | Build | House |
| 17:12 | Research | Forging |
| 17:33 | Build | Palisade Wall |
| 17:38 | Build | Palisade Gate |
| 17:45 | Research | Town Watch |
| 17:53 | Create | Villager (Male) |
| 17:54 | Build | House |
| 17:56 | Build | Palisade Wall |
| 17:57 | Build | Palisade Wall |
| 17:57 | Build | Palisade Wall |
| 18:14 | Research | Bloodlines |
| 18:33 | Build | Palisade Wall |
| 18:36 | Build | Palisade Wall |
| 18:37 | Build | Palisade Wall |
| 18:42 | Build | Farm |
| 18:45 | Create | Villager (Male) |
| 18:57 | Build | Lumber Camp |
| 19:16 | Create | Villager (Male) |
| 20:12 | Research | Castle Age |
| 20:27 | Build | Stable |
| 20:30 | Research | Gold Mining |
| 20:50 | Create | Villager (Male) |
| 21:20 | Build | Lumber Camp |
| 21:37 | Create | Villager (Male) |
| 21:47 | Create | Scout Cavalry |
| 21:47 | Create | Scout Cavalry |
| 22:52 | Age | Castle Age |
| 22:55 | Research | Light Cavalry (upgrade) |
| 22:55 | Research | Husbandry |
| 22:56 | Research | Chain Barding Armor |
| 22:57 | Create | Knight |
| 22:57 | Create | Knight |
| 23:05 | Create | Knight |
| 23:05 | Create | Knight |
| 23:09 | Create | Villager (Male) |
| 23:11 | Create | Villager (Male) |
| 23:24 | Create | Knight |
| 23:24 | Create | Knight |
| 23:32 | Create | Villager (Male) |
| 23:55 | Create | Knight |
| 24:01 | Create | Villager (Male) |
| 24:22 | Create | Villager (Male) |
| 24:32 | Create | Knight |
| 24:40 | Create | Villager (Male) |
| 24:48 | Create | Knight |
| 24:57 | Create | Knight |
| 24:59 | Create | Villager (Male) |
| 25:23 | Create | Knight |
| 25:41 | Create | Villager (Male) |
| 25:43 | Build | Town Center |
Build order — [SotC] PerezPodrido
First 150 of 270 actions detected
| 0:01 | Create | Villager (Male) |
| 0:02 | Create | Villager (Male) |
| 0:03 | Build | House |
| 0:04 | Build | House |
| 0:05 | Create | Villager (Male) |
| 0:10 | Create | Villager (Male) |
| 1:24 | Create | Villager (Male) |
| 1:53 | Build | Lumber Camp |
| 1:54 | Create | Villager (Male) |
| 2:17 | Create | Villager (Male) |
| 2:17 | Create | Villager (Male) |
| 2:49 | Create | Villager (Male) |
| 2:49 | Create | Villager (Male) |
| 3:09 | Create | Villager (Male) |
| 3:45 | Create | Villager (Male) |
| 3:45 | Create | Villager (Male) |
| 3:53 | Build | House |
| 4:01 | Create | Villager (Male) |
| 4:01 | Create | Villager (Male) |
| 4:22 | Create | Villager (Male) |
| 4:22 | Create | Villager (Male) |
| 4:24 | Build | House |
| 4:45 | Create | Villager (Male) |
| 5:07 | Create | Villager (Male) |
| 5:28 | Create | Villager (Male) |
| 5:55 | Build | Mining Camp |
| 6:08 | Create | Villager (Male) |
| 6:09 | Research | Loom |
| 7:06 | Research | Feudal Age |
| 7:57 | Build | Barracks |
| 8:14 | Create | Villager (Male) |
| 9:16 | Age | Feudal Age |
| 9:19 | Build | Archery Range |
| 9:23 | Research | Double-Bit Axe |
| 9:23 | Research | Double-Bit Axe |
| 9:38 | Build | Archery Range |
| 9:40 | Create | Villager (Male) |
| 9:59 | Create | Villager (Male) |
| 10:07 | Create | Villager (Male) |
| 10:12 | Build | House |
| 10:22 | Build | Blacksmith |
| 10:25 | Create | Archer |
| 10:34 | Create | Archer |
| 10:35 | Create | Villager (Male) |
| 10:50 | Build | House |
| 10:58 | Create | Archer |
| 10:58 | Create | Archer |
| 11:02 | Research | Fletching |
| 11:02 | Research | Fletching |
| 11:13 | Build | Palisade Wall |
| 11:15 | Create | Villager (Male) |
| 11:16 | Build | Mill |
| 11:23 | Create | Archer |
| 11:29 | Create | Villager (Male) |
| 11:37 | Build | Palisade Wall |
| 11:43 | Create | Archer |
| 11:51 | Create | Villager (Male) |
| 11:56 | Build | Farm |
| 12:14 | Build | House |
| 12:14 | Create | Archer |
| 12:16 | Build | Farm |
| 12:24 | Create | Archer |
| 12:24 | Create | Archer |
| 12:31 | Build | Farm |
| 12:35 | Create | Villager (Male) |
| 12:37 | Build | House |
| 12:42 | Build | Farm |
| 12:58 | Build | House |
| 13:04 | Create | Archer |
| 13:08 | Create | Villager (Male) |
| 13:20 | Create | Villager (Male) |
| 13:27 | Create | Archer |
| 13:30 | Create | Villager (Male) |
| 13:41 | Create | Archer |
| 13:44 | Create | Villager (Male) |
| 13:55 | Create | Villager (Male) |
| 14:03 | Build | House |
| 14:04 | Create | Archer |
| 14:07 | Build | Farm |
| 14:10 | Build | Farm |
| 14:19 | Build | Farm |
| 14:23 | Create | Archer |
| 14:33 | Create | Archer |
| 14:33 | Create | Archer |
| 14:39 | Build | House |
| 14:41 | Build | Palisade Wall |
| 14:46 | Research | Padded Archer Armor |
| 14:46 | Research | Padded Archer Armor |
| 14:47 | Create | Archer |
| 14:54 | Create | Villager (Male) |
| 15:14 | Create | Archer |
| 15:29 | Create | Archer |
| 15:34 | Build | Farm |
| 15:35 | Create | Archer |
| 15:42 | Build | Farm |
| 15:48 | Create | Archer |
| 15:48 | Create | Villager (Male) |
| 15:57 | Build | Palisade Gate |
| 16:02 | Build | Farm |
| 16:07 | Research | Wheelbarrow |
| 16:07 | Research | Wheelbarrow |
| 16:18 | Create | Archer |
| 16:18 | Create | Archer |
| 16:20 | Create | Villager (Male) |
| 16:31 | Build | House |
| 16:36 | Create | Archer |
| 16:55 | Create | Villager (Male) |
| 16:58 | Build | Palisade Wall |
| 17:02 | Create | Archer |
| 17:22 | Create | Archer |
| 17:33 | Create | Archer |
| 17:47 | Create | Archer |
| 17:56 | Build | Farm |
| 17:56 | Create | Villager (Male) |
| 17:58 | Build | Farm |
| 17:59 | Build | Farm |
| 18:18 | Create | Villager (Male) |
| 18:20 | Create | Archer |
| 18:21 | Create | Archer |
| 18:32 | Build | House |
| 18:34 | Build | House |
| 19:05 | Research | Castle Age |
| 19:11 | Build | Palisade Wall |
| 19:13 | Build | Palisade Wall |
| 19:14 | Create | Villager (Male) |
| 19:17 | Create | Villager (Male) |
| 19:53 | Create | Archer |
| 19:54 | Create | Villager (Male) |
| 20:02 | Create | Archer |
| 20:10 | Create | Archer |
| 20:18 | Build | Lumber Camp |
| 20:25 | Create | Archer |
| 20:33 | Build | House |
| 21:03 | Create | Archer |
| 21:26 | Build | Lumber Camp |
| 21:45 | Age | Castle Age |
| 21:47 | Research | Crossbowman (upgrade) |
| 21:48 | Research | Bodkin Arrow |
| 21:48 | Research | Bodkin Arrow |
| 22:09 | Create | Villager (Male) |
| 22:14 | Build | University |
| 22:28 | Create | Archer |
| 22:28 | Create | Archer |
| 22:29 | Create | Villager (Male) |
| 22:52 | Create | Villager (Male) |
| 23:11 | Research | Leather Archer Armor |
| 23:23 | Research | Ballistics |
| 23:24 | Create | Archer |
| 23:26 | Create | Villager (Male) |
| 23:44 | Create | Villager (Male) |
Match timeline
| 7:16 | [SotC] Frank Castle · first_building Barracks |
| 7:30 | [SotC] Spirit · first_building Barracks |
| 7:35 | FMG | Camilo · first_building Barracks |
| 7:57 | [SotC] PerezPodrido · first_building Barracks |
| 8:02 | |FMG| TINCHO · first_building Barracks |
| 8:04 | |FMG| Nadie · first_building Barracks |
| 8:06 | FMG | Camilo · wall_segment Palisade Wall x7 |
| 8:07 | FMG | Camilo · wall_segment Palisade Wall x1 |
| 8:28 | [SotC] Spirit · age_up feudal |
| 8:30 | [SotC] Frank Castle · age_up feudal |
| 8:32 | [SotC] Spirit · first_building Archery Range |
| 8:32 | [SotC] Frank Castle · first_building Stable |
| 8:36 | FMG | Camilo · wall_segment Palisade Wall x1 |
| 8:51 | FMG | Camilo · age_up feudal |
| 8:53 | FMG | Camilo · first_building Archery Range |
| 8:56 | |FMG| TINCHO · age_up feudal |
| 9:00 | |FMG| TINCHO · first_building Archery Range |
| 9:06 | FMG | Camilo · wall_segment Palisade Wall x3 |
| 9:16 | [SotC] PerezPodrido · age_up feudal |
| 9:17 | |FMG| Nadie · age_up feudal |
| 9:19 | [SotC] PerezPodrido · first_building Archery Range |
| 9:26 | |FMG| Nadie · first_building Stable |
| 9:38 | FMG | Camilo · wall_segment Palisade Wall x1 |
| 9:47 | |FMG| Nadie · wall_segment Palisade Wall x12 |
| 9:50 | FMG | Camilo · wall_segment Palisade Wall x1 |
| 10:17 | [SotC] Frank Castle · wall_segment Palisade Wall x1 |
| 10:25 | |FMG| Nadie · wall_segment Palisade Wall x5 |
| 10:31 | |FMG| Nadie · wall_segment Palisade Wall x5 |
| 10:56 | [SotC] Spirit · wall_segment Palisade Wall x2 |
| 10:57 | [SotC] Spirit · wall_segment Palisade Wall x3 |
| 11:10 | FMG | Camilo · wall_segment Palisade Wall x5 |
| 11:13 | [SotC] PerezPodrido · wall_segment Palisade Wall x3 |
| 11:27 | |FMG| Nadie · wall_segment Palisade Wall x12 |
| 11:34 | |FMG| Nadie · wall_segment Palisade Wall x8 |
| 11:37 | [SotC] PerezPodrido · wall_segment Palisade Wall x1 |
| 12:25 | [SotC] Spirit · wall_segment Palisade Wall x14 |
| 13:07 | [SotC] Spirit · wall_segment Palisade Wall x8 |
| 13:25 | [SotC] Frank Castle · wall_segment Palisade Wall x2 |
| 13:27 | [SotC] Frank Castle · wall_segment Palisade Wall x2 |
| 13:48 | |FMG| Nadie · wall_segment Palisade Wall x12 |
| 14:40 | |FMG| TINCHO · wall_segment Palisade Wall x4 |
| 14:41 | [SotC] PerezPodrido · wall_segment Palisade Wall x15 |
| 15:20 | [SotC] Spirit · wall_segment Palisade Wall x1 |
| 15:32 | [SotC] Spirit · wall_segment Palisade Wall x2 |
| 15:45 | |FMG| TINCHO · wall_segment Palisade Wall x3 |
| 15:46 | |FMG| TINCHO · wall_segment Palisade Wall x6 |
| 15:49 | |FMG| TINCHO · wall_segment Palisade Wall x6 |
| 15:51 | |FMG| TINCHO · wall_segment Palisade Wall x4 |
| 16:01 | |FMG| Nadie · wall_segment Palisade Wall x1 |
| 16:44 | FMG | Camilo · wall_segment Palisade Wall x2 |
| 16:47 | FMG | Camilo · wall_segment Palisade Wall x4 |
| 16:58 | [SotC] PerezPodrido · wall_segment Palisade Wall x9 |
| 17:33 | [SotC] Frank Castle · wall_segment Palisade Wall x6 |
| 17:35 | [SotC] Spirit · wall_segment Palisade Wall x7 |
| 17:37 | [SotC] Spirit · wall_segment Palisade Wall x7 |
| 17:45 | FMG | Camilo · wall_segment Palisade Wall x3 |
| 17:56 | [SotC] Frank Castle · wall_segment Palisade Wall x1 |
| 17:57 | [SotC] Frank Castle · wall_segment Palisade Wall x1 |
| 17:57 | [SotC] Frank Castle · wall_segment Palisade Wall x1 |
| 18:08 | FMG | Camilo · wall_segment Palisade Wall x1 |
| 18:09 | FMG | Camilo · wall_segment Palisade Wall x1 |
| 18:11 | FMG | Camilo · wall_segment Palisade Wall x1 |
| 18:33 | [SotC] Frank Castle · wall_segment Palisade Wall x4 |
| 18:36 | [SotC] Frank Castle · wall_segment Palisade Wall x5 |
| 18:37 | [SotC] Frank Castle · wall_segment Palisade Wall x6 |
| 19:11 | [SotC] PerezPodrido · wall_segment Palisade Wall x6 |
| 19:13 | [SotC] PerezPodrido · wall_segment Palisade Wall x2 |
| 19:52 | FMG | Camilo · first_market_buy 100 food |
| 19:58 | FMG | Camilo · first_market_sell 100 stone |
| 20:50 | |FMG| Nadie · wall_segment Palisade Wall x1 |
| 20:50 | FMG | Camilo · wall_segment Palisade Wall x1 |
| 21:45 | [SotC] PerezPodrido · age_up castle |
| 22:38 | |FMG| TINCHO · age_up castle |
| 22:52 | [SotC] Frank Castle · age_up castle |
| 23:00 | FMG | Camilo · age_up castle |
| 24:04 | |FMG| Nadie · age_up castle |
| 24:36 | [SotC] PerezPodrido · first_building Siege Workshop |
| 24:40 | [SotC] Spirit · age_up castle |
| 25:42 | |FMG| TINCHO · first_market_buy 100 food |
| 28:33 | |FMG| Nadie · first_market_sell 100 food |
| 29:51 | |FMG| TINCHO · first_building Siege Workshop |
| 31:19 | FMG | Camilo · wall_segment Palisade Wall x1 |
| 31:36 | [SotC] PerezPodrido · first_market_buy 100 stone |
| 31:39 | |FMG| TINCHO · resign |
| 32:15 | [SotC] PerezPodrido · first_building Monastery |
[ AI ANALYSIS · 1 CREDIT ]
What really happened in this match?
Wolo.gg analyzes every decision: build order, eco, micro, common mistakes by bracket. Personalized analysis on WhatsApp or Discord in 30 seconds.
Civ guide
Ethiopians
Perfil
FMG | Camilo